 Dungeon Crawl Stone Soup version 0.23-a0-642-g3120c2f (webtiles) character file.

187 Matador8 the Conjurer (level 5, -6/38 HPs)
             Began as a Draconian Conjurer on Dec 30, 2018.
             Was an Initiate of Uskayaw.
             Mangled by an iguana (10 damage)
             ... on level 4 of the Dungeon.
             The game lasted 00:13:44 (3203 turns).

Matador8 the Conjurer (Draconian Conjurer)          Turns: 3203, Time: 00:13:44

Health: -6/38      AC:  5    Str: 10    XL:     5   Next: 39%
Magic:  1/10       EV: 12    Int: 17    God:    Uskayaw [......]
Gold:   222        SH:  0    Dex: 11    Spells: 8/11 levels left

rFire    . . .     SeeInvis .   h - +1 dagger (protect)
rCold    . . .     Gourm    .   (no shield)
rNeg     . . .     Faith    .   (armour unavailable)
rPois    .         Spirit   .   (helmet restricted)
rElec    .         Reflect  .   (no cloak)
rCorr    .         Harm     .   (no gloves)
MR       .....                  (no boots)
Stlth    ++........             (no amulet)
HPRegen  0.12/turn              (no ring)
MPRegen  0.12/turn              (no ring)

@: no status effects
A: unfitting armour, cold-blooded, AC +5
a: Renounce Religion


You were on level 4 of the Dungeon.
You worshipped Uskayaw.
Uskayaw was noncommittal.
You were not hungry.

You visited 1 branch of the dungeon, and saw 4 of its levels.

You collected 222 gold pieces.

Inventory:

Hand Weapons
 h - a +1 dagger of protection (weapon)
 o - a +0 long sword
 p - a +0 spear of venom
Missiles
 m - 12 poisoned needles
 n - 2 javelins (quivered)
Armour
 l - a +0 shield
Jewellery
 e - a +2 amulet of reflection {unknown}
 i - an uncursed ring of positive energy {unknown}
Wands
 t - a wand of flame (12)
Scrolls
 c - 6 scrolls of identify {unknown}
 d - 3 scrolls of random uselessness {unknown}
 j - a scroll of remove curse {unknown}
 k - 3 scrolls of immolation {unknown}
 q - a scroll of enchant weapon {unknown}
 s - a scroll of fog {unknown}
Potions
 a - a potion of agility {unknown}
 f - a potion of cancellation {unknown}
 g - a potion of haste {unknown}
Comestibles
 b - 5 rations
 r - 7 chunks of flesh


   Skills:
 - Level 1.7 Dodging
 - Level 1.7 Stealth
 * Level 3.7 Spellcasting
 * Level 5.3 Conjurations
 + Level 1.6 Invocations


You had 8 spell levels left.
You knew the following spells:

 Your Spells              Type           Power        Failure   Level  Hunger
a - Magic Dart            Conj           ###.         1%          1    None
b - Searing Ray           Conj           ###...       2%          2    ##.....

Your spell library contained the following spells:

 Spells                   Type           Power        Failure   Level  Hunger
 Animate Skeleton         Necr           N/A          16%         1    None
 Apportation              Tloc           #.....       16%         1    None
 Confusing Touch          Hex            #.....       16%         1    None
 Summon Small Mammal      Summ           #...         16%         1    None
 Dazzling Spray           Conj/Hex       ##....       16%         3    ###....
 Iskenderun's Mystic Bla  Conj           ###.....     19%         4    ####...
 Force Lance              Conj/Tloc      ##......     47%         4    ####...
 Fulminant Prism          Conj/Hex       ##........   47%         4    ####...


Dungeon Overview and Level Annotations

Branches:
Dungeon (4/15)             Temple (0/1) D:4

Altars:
Makhleb
Uskayaw


Innate Abilities, Weirdness & Mutations

Your plain brown scales are hard. (AC +5)
You cannot fit into any form of body armour.
You are cold-blooded and may be slowed by cold attacks.


Message History

The iguana is severely wounded.
The iguana bites you but does no damage.
You closely miss the iguana.
The iguana is severely wounded.
The iguana bites you!
You stomp with the beat, sending a shockwave through the revelers around you!
The iguana is almost dead.
You feel somewhat more hungry.
You can no longer stomp with the beat.
The iguana bites you!
* * * LOW HITPOINT WARNING * * *
Casting: Magic Dart (safe; 1% risk of failure)
Confirm with . or Enter, or press ? or * to list all spells.
Aiming: Magic Dart (safe; 1% risk of failure)
Press: ? - help, Shift-Dir - straight line, f/p - iguana
Aim: an iguana (almost dead)
The magic dart hits the iguana.
The iguana is almost dead.
The iguana bites you!
You die...

. # ..#. .....
.....# #####
......##...#
#......#l@.##
#......)....#
##......#(.###
##........#.##
..............##
..#.........#..#
...#...........#
...............#
##.......#....##


You could see an iguana.

Vanquished Creatures
  A hound (D:4)
  An orc wizard (D:3)
  A worker ant (D:4)
  3 adders
  2 dart slugs
  5 leopard geckos
  6 orcs
  A ball python (D:3)
  3 giant cockroaches
  11 goblins
  7 hobgoblins
  4 jackals (D:1)
  2 kobolds (D:1)
  A quokka (D:2)
  4 bats
  5 frilled lizards
  A leopard gecko skeleton (D:4)
  8 rats
66 creatures vanquished.

Notes
Turn   | Place    | Note
-------+----------+-------------------------------------------
     0 | D:1      | Matador8 the Draconian Conjurer began the quest for the
                  | Orb.
     0 | D:1      | Reached XP level 1. HP: 14/14 MP: 3/3
   317 | D:1      | Reached XP level 2. HP: 12/20 MP: 0/5
   321 | D:1      | Learned a level 2 spell: Searing Ray
   918 | D:2      | Found a burning altar of Makhleb.
  1220 | D:2      | Reached XP level 3. HP: 18/26 MP: 7/7
  1396 | D:2      | Noticed a +0 hand axe
  1398 | D:2      | Found a hide-covered altar of Uskayaw.
  1398 | D:2      | Noticed a +0 dagger
  1428 | D:2      | Became a worshipper of Uskayaw the Reveler
  1457 | D:2      | Reached * piety under Uskayaw
  1458 | D:2      | Reached ** piety under Uskayaw
  2008 | D:2      | Reached XP level 4. HP: 15/33 MP: 3/8
  2190 | D:3      | Reached *** piety under Uskayaw
  2958 | D:3      | Reached skill level 5 in Conjurations
  2958 | D:3      | Reached skill level 1 in Invocations
  3023 | D:4      | Reached XP level 5. HP: 38/38 MP: 5/10
  3030 | D:4      | Found a staircase to the Ecumenical Temple.
  3203 | D:4      | Mangled by an iguana

Vault maps used:
D:1:      evilmike_arrival_plus
D:2:      lemuel_doored_altar, dancing_weapons_uskayaw
D:3:      cheibrodos_greedy_goblins, first_ration
D:4:      marbit_many_paths, minmay_temple_entry_mini_moons, serial_park,
          nrook_mini_backslash

Skill      XL: |  1  2  3  4 |
---------------+-------------+-----
Spellcasting   | 3 |  3.7
Conjurations   | 5 |  5.3
Invocations    | 1 |  1.6
Dodging        | |  1.7
Stealth        | |  1.7

Action                   |  1- 3 |  4- 6 || total
-------------------------+-------+-------++-------
Melee: Unarmed           |    16 |       ||    16
       Tailslap          |     9 |    14 ||    23
       Dagger            |   125 |   100 ||   225
 Cast: Magic Dart        |    33 |    27 ||    60
       Searing Ray       |       |     3 ||     3
Invok: Line Pass         |     1 |       ||     1
       Stomp             |       |     1 ||     1
 Stab: Sleeping          |     6 |       ||     6
       Paralysed         |       |     2 ||     2
  Eat: Chunk             |     4 |     1 ||     5
       Ration            |       |     1 ||     1
Armor: Skin              |    73 |    22 ||    95
Dodge: Dodged            |   104 |    60 ||   164

Table legend:
 A = Non-vault XP
 B = Vault XP
 C = Vault XP percentage of total XP
 D = Non-vault monster count
 E = Vault monster count
 F = Vault count percentage of total count
                 A         B        C        D         E       F
            +---------+---------+-------+---------+---------+-------
      Total |     248 |      20 |   7.5 |      56 |      10 |  15.2
            +---------+---------+-------+---------+---------+-------
        D:1 |      28 |       0 |   0.0 |      16 |       0 |   0.0
        D:2 |      52 |       0 |   0.0 |      18 |       0 |   0.0
        D:3 |      78 |      20 |  20.4 |      14 |      10 |  41.7
        D:4 |      90 |       0 |   0.0 |       8 |       0 |   0.0
            +---------+---------+-------+---------+---------+-------
